MLB
CLEVELAND GUARDIANS @ BOSTON RED SOX
04/16/2024
 
TOP OF THE 1ST
Cleveland Guardians batting - Pitching for Boston Red Sox : RHP Gerrit Cole
Pitching: RHP Gerrit Cole
Batting: RHB Luke Musgrave 0-0: Bunt missed!
0-1: SOLO HOME RUN (Flyball, 7LD, EV 93.8 MPH), Distance : 346 ft
Batting: LHB Alek Thomas 0-0: Ball
1-0: Foul Ball, location: 25F
1-1: Foul Ball, location: 2F
1-2: Ball
2-2: Foul Ball, location: 7LDF
2-2: Foul Ball, location: 3DF
2-2: Foul Ball, location: 2F
2-2: Strikes out looking
Batting: RHB Evan Waxman 0-0: Called Strike
0-1: Called Strike
0-2: Strikes out swinging
Batting: RHB J.R. Justice 0-0: Ball
1-0: Called Strike
1-1: Foul Ball, location: 25F
1-2: Ball
2-2: Ball
3-2: Strikes out swinging
Top of the 1st over - 1 run, 1 hit, 0 errors, 0 left on base; Cleveland 1 - Boston 0
BOTTOM OF THE 1ST
Boston Red Sox batting - Pitching for Cleveland Guardians : RHP Ben Camp
Pitching: RHP Ben Camp
Batting: RHB Earl James 0-0: Ball
1-0: Ball
2-0: Ball
3-0: Called Strike
3-1: Base on Balls
Batting: RHB Kevin Hunter 0-0: Ball
1-0: Ball
2-0: Fielders Choice at 2nd, 5-4 (Groundball, 56, EV 83.1 MPH)
Batting: RHB Sawyer Cleveland 0-0: Ball
Kevin Hunter steals 2nd base (no throw)
1-0: Swinging Strike
1-1: Ball
2-1: Fly out, F7 (Line Drive, 7S, EV 89.4 MPH)
Batting: RHB Kenny Gentry 0-0: Foul Ball, location: 7LMFF
0-1: Ball
1-1: Ground out U3 (Groundball, 3, EV 81.9 MPH)
Bottom of the 1st over - 0 runs, 0 hits, 0 errors, 1 left on base; Cleveland 1 - Boston 0
TOP OF THE 2ND
Cleveland Guardians batting - Pitching for Boston Red Sox : RHP Gerrit Cole
Batting: LHB Chris Betts 0-0: Ground out 4-3 (Groundball, 4, EV 81.9 MPH)
Batting: SHB Matt Jenkins 0-0: Foul Ball, location: 7LDF
0-1: Foul Ball, location: 5FF
0-2: Ball
1-2: SINGLE (Line Drive, 34D, EV 100.6 MPH)
Batting: LHB Jorge Ayala 0-0: Ball
1-0: Ball
2-0: Called Strike
2-1: Ball
3-1: Called Strike
Matt Jenkins is caught stealing 2nd base 2-6
3-2: Foul Ball, location: 5FF
3-2: Strikes out swinging
Top of the 2nd over - 0 runs, 1 hit, 0 errors, 0 left on base; Cleveland 1 - Boston 0
BOTTOM OF THE 2ND
Boston Red Sox batting - Pitching for Cleveland Guardians : RHP Ben Camp
Batting: LHB Greg Bird 0-0: Ball
1-0: Foul Ball, location: 7LSF
1-1: Ball
2-1: Ball
3-1: Base on Balls
Batting: LHB Jason Frost 0-0: Called Strike
0-1: Called Strike
0-2: Ball
1-2: Foul Ball, location: 9LMF
1-2: Fielders Choice at 2nd, 3-6 (Groundball, 3, EV 98.1 MPH)
Batting: LHB Robert Hassell III 0-0: Fly out, F9 (Flyball, 9, EV 98.8 MPH)
Batting: LHB Will Benson 0-0: Called Strike
0-1: Called Strike
0-2: Ball
1-2: Ball
2-2: Strikes out swinging
Bottom of the 2nd over - 0 runs, 0 hits, 0 errors, 1 left on base; Cleveland 1 - Boston 0
TOP OF THE 3RD
Cleveland Guardians batting - Pitching for Boston Red Sox : RHP Gerrit Cole
Batting: RHB Will Shipley 0-0: Ball
1-0: Called Strike
1-1: Foul Ball, location: 2F
1-2: Ball
2-2: Strikes out swinging
Batting: RHB Jeremy Eierman 0-0: Fly out, F7 (Flyball, 78M, EV 92.5 MPH)
Batting: RHB Luke Musgrave 0-0: Called Strike
0-1: Called Strike
0-2: Ball
1-2: Foul Ball, location: 2F
1-2: Strikes out looking
Top of the 3rd over - 0 runs, 0 hits, 0 errors, 0 left on base; Cleveland 1 - Boston 0
BOTTOM OF THE 3RD
Boston Red Sox batting - Pitching for Cleveland Guardians : RHP Ben Camp
Batting: RHB Tyler Fitzgerald 0-0: Called Strike
0-1: Called Strike
0-2: Strikes out looking
Batting: RHB Earl James 0-0: Ball
1-0: Ball
2-0: Foul Ball, location: 2RF
2-1: Foul Ball, location: 5F
2-2: Ball
3-2: SINGLE (Groundball, 4MD, EV 107.5 MPH)
Batting: RHB Kevin Hunter 0-0: Grounds into double play, 6-4-3 (Groundball, 6, EV 90.0 MPH)
Bottom of the 3rd over - 0 runs, 1 hit, 0 errors, 0 left on base; Cleveland 1 - Boston 0
TOP OF THE 4TH
Cleveland Guardians batting - Pitching for Boston Red Sox : RHP Gerrit Cole
Batting: LHB Alek Thomas 0-0: Called Strike
0-1: Foul Ball, location: 25F
0-2: Strikes out swinging
Batting: RHB Evan Waxman 0-0: Called Strike
0-1: Ball
1-1: Foul Ball, location: 2F
1-2: Foul Ball, location: 25F
1-2: Ball
2-2: Foul Ball, location: 3SF
2-2: Foul Ball, location: 3F
2-2: Strikes out swinging
Batting: RHB J.R. Justice 0-0: Ball
1-0: Ball
2-0: SINGLE (Groundball, 56S, EV 75.0 MPH) (infield hit)
Batting: LHB Chris Betts 0-0: Foul Ball, location: 7LDF
0-1: Fly out, F9 (Flyball, 89XD, EV 111.3 MPH)
Top of the 4th over - 0 runs, 1 hit, 0 errors, 1 left on base; Cleveland 1 - Boston 0
BOTTOM OF THE 4TH
Boston Red Sox batting - Pitching for Cleveland Guardians : RHP Ben Camp
Batting: RHB Sawyer Cleveland 0-0: Ball
1-0: Ball
2-0: Ground out 4-3 (Groundball, 4, EV 89.4 MPH)
Batting: RHB Kenny Gentry 0-0: Foul Ball, location: 7LSF
0-1: Ball
1-1: Ball
2-1: Called Strike
2-2: Ball
3-2: Fly out, F8 (Flyball, 8RD, EV 100.0 MPH)
Batting: LHB Greg Bird 0-0: Called Strike
0-1: Ground out U3 (Groundball, 3, EV 82.5 MPH)
Bottom of the 4th over - 0 runs, 0 hits, 0 errors, 0 left on base; Cleveland 1 - Boston 0
TOP OF THE 5TH
Cleveland Guardians batting - Pitching for Boston Red Sox : RHP Gerrit Cole
Batting: SHB Matt Jenkins 0-0: Foul Ball, location: 2F
0-1: Ball
1-1: Swinging Strike
1-2: Foul Ball, location: 23F
1-2: Foul Ball, location: 25F
1-2: Ball
2-2: SINGLE (Groundball, 56D, EV 106.3 MPH) (infield hit)
Batting: LHB Jorge Ayala 0-0: Ball
1-0: Ball
2-0: Ball
3-0: Base on Balls
Matt Jenkins to second
Batting: RHB Will Shipley 0-0: Ball
1-0: Ball
2-0: Fly out, F5 (Popup, 56S, EV 86.9 MPH)
Batting: RHB Jeremy Eierman 0-0: Fly out, F9 (Line Drive, 9, EV 92.5 MPH)
Batting: RHB Luke Musgrave 0-0: Ball
1-0: Called Strike
1-1: Ball
2-1: Foul Ball, location: 5F
2-2: SINGLE (Flyball, 5D, EV 96.9 MPH)
Matt Jenkins to third
Jorge Ayala to second
Runner from 3rd tries for Home, SAFE, throw by LF to home
Batting: LHB Alek Thomas 0-0: Ball
1-0: Foul Ball, location: 2F
1-1: Swinging Strike
1-2: Strikes out swinging
Top of the 5th over - 1 run, 2 hits, 0 errors, 2 left on base; Cleveland 2 - Boston 0
BOTTOM OF THE 5TH
Boston Red Sox batting - Pitching for Cleveland Guardians : RHP Ben Camp
Pitching: RHP Craig Parker
Batting: LHB Jason Frost 0-0: Ball
1-0: Ground out 4-3 (Groundball, 34D, EV 104.4 MPH)
Batting: LHB Robert Hassell III 0-0: Ball
1-0: Foul Ball, location: 2F
1-1: Ball
2-1: Called Strike
2-2: Ball
3-2: Strikes out swinging
Batting: LHB Will Benson 0-0: Called Strike
0-1: Swinging Strike
0-2: Ball
1-2: Ball
2-2: Ball
3-2: Base on Balls
Batting: RHB Tyler Fitzgerald 0-0: Ball
1-0: Swinging Strike
1-1: SINGLE (Line Drive, 9LS, EV 98.1 MPH)
Will Benson to second
Runner from 2nd tries for 3rd, SAFE, throw by RF made to third
Batting: RHB Earl James 0-0: Swinging Strike
0-1: Called Strike
0-2: Ball
1-2: Ball
2-2: Foul Ball, location: 9LDF
2-2: Foul Ball, location: 3F
2-2: Foul Ball, location: 9LMF
2-2: Ball
3-2: Fly out, F9 (Flyball, 89M, EV 91.9 MPH)
Bottom of the 5th over - 0 runs, 1 hit, 0 errors, 2 left on base; Cleveland 2 - Boston 0
TOP OF THE 6TH
Cleveland Guardians batting - Pitching for Boston Red Sox : RHP Gerrit Cole
Pitching: LHP Teo Ottenhof
Batting: RHB Evan Waxman 0-0: Called Strike
0-1: Ball
1-1: Ball
2-1: Fly out, F7 (Flyball, 7, EV 91.9 MPH)
Batting: RHB J.R. Justice 0-0: Foul Ball, location: 7LMF
0-1: Ball
1-1: Called Strike
1-2: Ground out 4-3 (Groundball, 4, EV 93.8 MPH)
Batting: LHB Chris Betts 0-0: Swinging Strike
0-1: Swinging Strike
0-2: Foul Ball, location: 7LSF
0-2: Foul Ball, location: 25F
0-2: Ball
1-2: Ball
2-2: Ball
3-2: Foul Ball, location: 3F
3-2: Strikes out swinging
Top of the 6th over - 0 runs, 0 hits, 0 errors, 0 left on base; Cleveland 2 - Boston 0
BOTTOM OF THE 6TH
Boston Red Sox batting - Pitching for Cleveland Guardians : RHP Craig Parker
Pitching: RHP Jordan Sheffield
Batting: RHB Kevin Hunter 0-0: Ball
1-0: Called Strike
1-1: Fly out, F8 (Flyball, 8LXD, EV 88.1 MPH)
Batting: RHB Sawyer Cleveland 0-0: Called Strike
0-1: Ball
1-1: Foul Ball, location: 2F
1-2: Strikes out swinging
Batting: RHB Kenny Gentry 0-0: Called Strike
0-1: Foul Ball, location: 9LMF
0-2: Foul Ball, location: 2F
0-2: Ball
1-2: Ball
2-2: Ball
3-2: Base on Balls
Batting: LHB Greg Bird 0-0: Ball
1-0: Ball
2-0: Foul Ball, location: 2F
2-1: Fly out, F8 (Flyball, 8RD, EV 92.5 MPH)
Bottom of the 6th over - 0 runs, 0 hits, 0 errors, 1 left on base; Cleveland 2 - Boston 0
TOP OF THE 7TH
Cleveland Guardians batting - Pitching for Boston Red Sox : LHP Teo Ottenhof
Pitching: RHP Alex Ramirez
Batting: SHB Matt Jenkins 0-0: Ball
1-0: Ball
2-0: Foul Ball, location: 2F
2-1: Foul Ball, location: 2F
2-2: Strikes out swinging
Batting: LHB Jorge Ayala 0-0: Swinging Strike
0-1: Ball
1-1: Ball
2-1: Ball
3-1: Base on Balls
Batting: RHB Will Shipley 0-0: Foul Ball, location: 2F
0-1: Ball
1-1: Called Strike
1-2: Ball
Jorge Ayala is caught stealing 2nd base 2-4
2-2: Foul Ball, location: 5SF
2-2: Ball
3-2: Fly out, F8 (Flyball, 78M, EV 87.5 MPH)
Top of the 7th over - 0 runs, 0 hits, 0 errors, 0 left on base; Cleveland 2 - Boston 0
BOTTOM OF THE 7TH
Boston Red Sox batting - Pitching for Cleveland Guardians : RHP Jordan Sheffield
Pitching: RHP Mark McCain
Batting: LHB Jason Frost 0-0: Foul Ball, location: 7LMF
0-1: Ball
1-1: SINGLE (Line Drive, 4D, EV 104.4 MPH)
Batting: LHB Robert Hassell III 0-0: Called Strike
0-1: Ball
Wild Pitch!
Jason Frost to second
1-1: Called Strike
1-2: Ball
2-2: Ground out 4-3 (Groundball, 4, EV 82.5 MPH)
Jason Frost to third
Batting: LHB Will Benson 0-0: Ball
1-0: Ball
2-0: Ball
3-0: Base on Balls
Pitching: RHP Cameron Jones
Pinch Hitting: LHB Todd Kuhn 0-0: Ball
1-0: Fly out, F7 (Line Drive, 7LM, EV 88.8 MPH)
Runner from 3rd tags up, SCORES, throw by LF
Batting: RHB Earl James 0-0: Ball
1-0: Fly out, F4 (Popup, 4, EV 57.5 MPH)
Bottom of the 7th over - 1 run, 1 hit, 0 errors, 1 left on base; Cleveland 2 - Boston 1
TOP OF THE 8TH
Cleveland Guardians batting - Pitching for Boston Red Sox : RHP Alex Ramirez
Pitching: RHP Mitchell Traver
Now at SS: Todd Kuhn
Batting: RHB Jeremy Eierman 0-0: Ball
1-0: Ball
2-0: Foul Ball, location: 25F
2-1: Ball
3-1: Base on Balls
Batting: RHB Luke Musgrave 0-0: Ball
1-0: Called Strike
1-1: Ball
2-1: Ball
3-1: Foul Ball, location: 23F
3-2: Foul Ball, location: 9LSF
3-2: Strikes out looking
Jeremy Eierman steals 2nd base
Batter strikes out.
Batting: LHB Alek Thomas 0-0: Called Strike
0-1: Foul Ball, location: 2F
0-2: Ground out 1-3 (Groundball, 13S, EV 69.4 MPH)
Jeremy Eierman to third
Batting: RHB Evan Waxman 0-0: Ball
Passed Ball!
Jeremy Eierman scores
1-0: Ball
2-0: Ground out 5-3 (Groundball, 56, EV 105.6 MPH)
Top of the 8th over - 1 run, 0 hits, 0 errors, 0 left on base; Cleveland 3 - Boston 1
BOTTOM OF THE 8TH
Boston Red Sox batting - Pitching for Cleveland Guardians : RHP Cameron Jones
Batting: RHB Kevin Hunter 0-0: Called Strike
0-1: Ball
1-1: Ball
2-1: Ball
3-1: Called Strike
3-2: Fly out, F6 (Line Drive, 6M, EV 66.9 MPH)
Batting: RHB Sawyer Cleveland 0-0: SINGLE (Flyball, 89S, EV 92.5 MPH)
Batting: RHB Kenny Gentry 0-0: Called Strike
0-1: SINGLE (Groundball, 34, EV 103.8 MPH)
Sawyer Cleveland to second
Runner from 2nd tries for 3rd, SAFE, throw by RF made to third
Batting: LHB Greg Bird 0-0: Ball
1-0: Called Strike
1-1: Ball
2-1: Ball
3-1: SINGLE (Flyball, 34D, EV 94.4 MPH)
Sawyer Cleveland scores
Kenny Gentry to second
Batting: LHB Jason Frost 0-0: Foul Ball, location: 7LMF
0-1: Ball
1-1: Ball
2-1: Fielders Choice at 2nd, 4-6 (Groundball, 4, EV 93.8 MPH)
Kenny Gentry to third
Batting: LHB Robert Hassell III 0-0: Called Strike
0-1: Ball
1-1: Foul Ball, location: 2F
1-2: Foul Ball, location: 7LDF
1-2: Fielders Choice at 2nd, 6-4 (Groundball, 6, EV 86.3 MPH)
Bottom of the 8th over - 1 run, 3 hits, 0 errors, 2 left on base; Cleveland 3 - Boston 2
TOP OF THE 9TH
Cleveland Guardians batting - Pitching for Boston Red Sox : RHP Mitchell Traver
Pitching: RHP Marcos Galindo
Batting: RHB J.R. Justice 0-0: Ball
1-0: Swinging Strike
1-1: Ball
2-1: Swinging Strike
2-2: Strikes out swinging
Batting: LHB Chris Betts 0-0: Ball
1-0: Called Strike
1-1: Swinging Strike
1-2: Strikes out looking
Batting: SHB Matt Jenkins 0-0: Ball
1-0: Ball
2-0: Swinging Strike
2-1: Ground out 5-3 (Groundball, 5, EV 88.1 MPH)
Top of the 9th over - 0 runs, 0 hits, 0 errors, 0 left on base; Cleveland 3 - Boston 2
BOTTOM OF THE 9TH
Boston Red Sox batting - Pitching for Cleveland Guardians : RHP Cameron Jones
Pitching: RHP Riley Pint
Batting: LHB Will Benson 0-0: Ball
1-0: Swinging Strike
1-1: Ball
2-1: Ball
3-1: Swinging Strike
3-2: Strikes out looking
Batting: LHB Todd Kuhn 0-0: Ball
1-0: Ball
2-0: Ball
3-0: Base on Balls
Batting: RHB Earl James 0-0: Ball
1-0: Fly out, F7 (Flyball, 78M, EV 84.4 MPH)
Batting: RHB Kevin Hunter 0-0: Ball
1-0: Called Strike
1-1: Swinging Strike
1-2: Foul Ball, location: 5F
1-2: SINGLE (Line Drive, 8RS, EV 109.4 MPH)
Todd Kuhn to second
Runner from 2nd tries for 3rd, SAFE, no throw by CF
Batting: RHB Sawyer Cleveland 0-0: Ball
1-0: Ball
2-0: Called Strike
2-1: Fly out, F9 (Flyball, 9D, EV 100.0 MPH)
Bottom of the 9th over - 0 runs, 1 hit, 0 errors, 2 left on base; Cleveland 3 - Boston 2
Tuesday, April 23rd , 2024 - OOTP Baseball 24.11 Build 85